 Dungeon Crawl Stone Soup version 0.26-a0-1147-g3780a7a11b (webtiles) character file.

Game seed: 9895430271258372725

2926 sokol815 the Archer (level 9, 0/61 HPs)
             Began as a Demonspawn Hunter on Dec 22, 2020.
             Was an Initiate of Gozag.
             Slain by a killer bee (4 damage)
             ... on level 8 of the Dungeon.
             The game lasted 00:25:07 (9230 turns).

sokol815 the Archer (Demonspawn Hunter)             Turns: 9230, Time: 00:25:07

Health: 0/61       AC:  7    Str: 19    XL:     9   Next: 50%
Magic:  9/9        EV: 12    Int:  9    God:    Gozag
Gold:   632        SH:  5    Dex: 15    Spells: 8/8 levels left

rFire    + + .     SeeInvis +   a - +2 falchion (elec)
rCold    + . .     Faith    .   (no shield)
rNeg     . . .     Spirit   .   K - +0 scale mail of the Endless Expanse {*Drain Str+5 SInv}
rPois    +         Reflect  +   (no helmet)
rElec    +         Harm     .   (no cloak)
rCorr    +         Rampage  .   (no gloves)
Will     .....                  C - +0 pair of boots
Stlth    ..........             o - amulet of reflection
HPRegen  0.20/turn              e - -4 ring of intelligence
MPRegen  0.11/turn              v - ring of resist corrosion

@: mighty, resistant
A: talons 2, repulsion field 1, fire resistance 1, powered by death 1
a: Renounce Religion, Potion Petition, Call Merchant, Bribe Branch


You were on level 8 of the Dungeon.
You worshipped Gozag.
Gozag was pleased with you.
You visited 2 branches of the dungeon, and saw 10 of its levels.
You also visited: Ossuary.

You collected 847 gold pieces.
You spent 42 gold pieces at shops.
You paid 173 gold pieces to Gozag.

Inventory:

Hand Weapons
 a - a +2 falchion of electrocution (weapon)
   (You took it off an orc on level 3 of the Dungeon)
 c - a +1 shortbow
 t - a +0 hand axe
   (You found it on level 2 of the Dungeon)
 G - a +0 flail of protection
   (You took it off an orc on level 4 of the Dungeon)
 T - a +0 broad axe
   (You found it on level 6 of the Dungeon)
 U - a +0 war axe of flaming
   (You took it off Maggie on level 7 of the Dungeon)
 W - a +2 trident of protection
   (You took it off an orc on level 9 of the Dungeon)
Missiles
 g - 12 boomerangs
 h - 169 stones (quivered)
 r - 5 silver javelins {=f}
 s - 46 sling bullets
 w - 7 silver boomerangs
 y - 51 arrows
Armour
 i - a +0 chain mail
   (You found it on level 1 of the Dungeon)
 C - a +0 pair of boots (worn)
   (You found it on level 4 of the Dungeon)
 K - the +0 scale mail of the Endless Expanse (worn) {*Drain Str+5 SInv}
   (You found it on level 6 of the Dungeon)

   It affects your strength (+5).
   It lets you see invisible.
   It causes draining when unequipped.
 V - +0 swamp dragon scales
   (You took it off Maggie on level 7 of the Dungeon)
Jewellery
 e - a -4 ring of intelligence (left hand)
   (You found it on level 1 of the Dungeon)
 o - an amulet of reflection (around neck)
   (You found it on level 2 of the Dungeon)
 v - a ring of resist corrosion (right hand)
   (You took it off a hobgoblin on level 2 of the Dungeon)
 E - a cursed amulet of inaccuracy
   (You found it on level 3 of the Dungeon)
Wands
 x - a wand of random effects (35)
   (You took it off Grinder on level 3 of the Dungeon)
 A - a wand of digging (11)
   (You found it on level 3 of the Dungeon)
 H - a wand of enslavement (7)
   (You found it on level 4 of the Dungeon)
Scrolls
 d - a scroll of fog {unknown}
 f - 2 scrolls of identify
 j - 7 scrolls of teleportation {unknown}
 k - 2 scrolls of blinking {unknown}
 l - 3 scrolls of noise {unknown}
 z - a scroll of fear
 B - 4 scrolls of enchant armour
 F - a scroll of random uselessness {unknown}
 J - 4 scrolls of remove curse
 L - a scroll of vulnerability {unknown}
 M - a scroll of torment {unknown}
 P - a scroll of acquirement {unknown}
 S - a scroll of enchant weapon {unknown}
 X - a scroll of amnesia {unknown}
Potions
 b - 2 potions of ambrosia
 n - 2 potions of degeneration {unknown}
 p - 7 potions of attraction {!q}
 u - a potion of brilliance {unknown}
 N - 4 potions of berserk rage {unknown}
 O - a potion of curing
 Q - a potion of mutation {unknown}
 R - a potion of haste {unknown}


   Skills:
 - Level 2.0 Fighting
 + Level 12.3 Bows
 - Level 1.8 Dodging
 - Level 1.0 Stealth


You had 8 spell levels left.
You didn't know any spells.
Your spell library was empty.

Dungeon Overview and Level Annotations

Branches:
Dungeon (9/15)             Temple (1/1) D:6             Orc (0/2) D:9
Ossuary (visited)
   Lair: D:8-11

Altars:
Cheibriados
Elyvilon
Fedhas
Gozag
Okawaru
Ru
Uskayaw
Vehumet
Xom
Yredelemnul
The Shining One

Shops:
D:4 [   D:7 ?


Innate Abilities, Weirdness & Mutations

You have razor-sharp toenails.
You are surrounded by a mild repulsion field. (EV +2)
Your flesh is heat resistant. (rF+)
You regenerate a little health from kills.


Message History

The killer bee stings you.
The killer bee stings you but does no damage.
You block the killer bee's attack. x2
You take 8 damage, and have 39/61 hp.
Unknown command.
You hit the killer bee.
You feel sick. You block the killer bee's attack.
The killer bee barely misses you.
You riposte.
You slash the killer bee!
The killer bee stings you. x2; The killer bee barely misses you.
You riposte.
You miss the killer bee. The killer bee stings you!
You take 17 damage, and have 22/61 hp.
MASSIVE DAMAGE!!
You miss the killer bee.
You feel sick. You block the killer bee's attack.
The killer bee completely misses you. You block the killer bee's attack.
The killer bee barely misses you.
You take 1 damage, and have 21/61 hp.
Unknown command.
You slice the killer bee!!
Lightning courses through the killer bee!!
You kill the killer bee!
You feel sick. You block the killer bee's attack.
The killer bee stings you but does no damage.
The killer bee closely misses you.
You riposte.
You miss the killer bee. The killer bee stings you.
You take 2 damage, and have 19/61 hp.
Unknown command.
You barely miss the killer bee.
You feel sick.
The killer bee becomes distracted by the nearby gold, dreaming of imaginary riches.
The killer bee misses you.
You riposte.
You miss the killer bee.
The killer bee stings you but does no damage.
The killer bee stings you.
* * * LOW HITPOINT WARNING * * *
You take 5 damage, and have 14/61 hp.
Unknown command.
You feel better. The killer bee stings you.
You are poisoned.
The killer bee poisons you! The killer bee completely misses you.
You riposte.
You miss the killer bee.
You regained 6 hp, and now have 20/61 hp.
You feel sick.
You take 1 damage, and have 19/61 hp.
Aim: a killer bee (57% to evade)
The bolt of acid hits the killer bee.
The killer bee is splashed with acid!
The acid corrodes the killer bee!
The bolt of acid hits the killer bee!
The killer bee is splashed with acid.
The acid corrodes the killer bee!
The killer bee is no longer distracted by gold.
The now-empty wand crumbles to dust.
The killer bee stings you.
* * * LOW HITPOINT WARNING * * *
The killer bee stings you.
* * * LOW HITPOINT WARNING * * *
You are more poisoned.
The killer bee poisons you!
You take 7 damage, and have 12/61 hp.
Okay, then.
Unknown command.
Aim: a killer bee (severely wounded, covered in acid, chance to affect: 54%)
The killer bee resists with significant effort.
You feel sick. The killer bee stings you.
* * * LOW HITPOINT WARNING * * *
The killer bee stings you.
* * * LOW HITPOINT WARNING * * *
The killer bee stings you.
* * * LOW HITPOINT WARNING * * *
You take 10 damage, and have 2/61 hp.
You feel much better.
You feel sick. The killer bee barely misses you. The killer bee stings you.
You are more poisoned.
The killer bee poisons you! The killer bee misses you.
The killer bee stings you. You block the killer bee's attack.
You regained 24 hp, and now have 26/61 hp.
You feel protected.
You feel sick. You block the killer bee's attack. The killer bee stings you. x2
The killer bee stings you!
* * * LOW HITPOINT WARNING * * *
You block the killer bee's attack. The killer bee stings you.
* * * LOW HITPOINT WARNING * * *
You take 19 damage, and have 7/61 hp.
MASSIVE DAMAGE!!
You feel better. The killer bee stings you.
* * * LOW HITPOINT WARNING * * *
You block the killer bee's attack. The killer bee barely misses you.
You riposte.
You miss the killer bee.
The killer bee becomes distracted by the nearby gold, dreaming of imaginary riches.
The killer bee stings you.
* * * LOW HITPOINT WARNING * * *
The killer bee barely misses you.
As you read the scroll of remove curse, it crumbles to dust.
You feel as if something is helping you.
The killer bee stings you.
* * * LOW HITPOINT WARNING * * *
The killer bee barely misses you.
You riposte.
The killer bee buzzes angrily.
You hit the killer bee. The killer bee misses you. The killer bee stings you.
* * * LOW HITPOINT WARNING * * *
You take 3 damage, and have 4/61 hp.
Unknown command.
The killer bee is no longer distracted by gold.
The killer bee barely misses you.
You riposte.
You barely miss the killer bee. The killer bee stings you.
You die...
Your body crumbles into a pile of gold.

#........#.......#......#.
+........#..<....#......#.
#........#'#######......#.
#######...............###.
#...............# ..
#...............# ..
#...............#
#..yy.........[.#
#####..@y.......>...#
#.....####$##########
#.....# ... #.....# .....
#.....# ....... #.....#
####.## #.....# .# #.....#
# #.....#


You could see 3 killer bees.

Vanquished Creatures
  Maggie (D:7)
  Grinder (D:3)
  Menkaure (D:7)
  Edmund (D:6)
  3 sky beasts
  Purgy (D:4)
  An orc warrior (D:7)
  2 phantoms
  2 ogres
  2 necrophages (D:6)
  5 bullfrogs
  3 scorpions
  A killer bee (D:8)
  A quasit (D:7)
  A bullfrog skeleton (D:5)
  A hound (D:6)
  A jelly (D:4)
  An orc priest (D:3)
  4 orc wizards
  A centaur skeleton (D:6)
  Jessica (D:3)
  A worker ant (D:8)
  8 mummies (Ossuary)
  8 adders
  A howler monkey skeleton (D:5)
  2 white imps (D:5)
  An ufetubus (D:5)
  An ooze (D:3)
  5 worms
  4 dart slugs
  7 leopard geckos
  25 orcs
  8 bats
  7 giant cockroaches
  11 goblins
  14 hobgoblins
  12 jackals
  9 quokkas
  A ball python (D:4)
  8 frilled lizards
  A gnoll zombie (Ossuary)
  2 hobgoblin zombies (Ossuary)
  12 kobolds
  3 kobold zombies (Ossuary)
  A leopard gecko zombie (D:5)
  2 orc zombies (Ossuary)
  11 rats
200 creatures vanquished.

Vanquished Creatures (others)
  A giant cockroach (D:7)
1 creature vanquished.

Grand Total: 201 creatures vanquished

Notes
Turn   | Place    | Note
-------+----------+-------------------------------------------
     0 | D:1      | sokol815 the Demonspawn Hunter began the quest for the Orb.
     0 | D:1      | Reached XP level 1. HP: 16/16 MP: 1/1
    51 | D:1      | Reached skill level 1 in Stealth
   249 | D:1      | Gained mutation: You are surrounded by a mild repulsion
                  | field. (EV +2) [demonic ancestry]
   249 | D:1      | Reached XP level 2. HP: 22/22 MP: 2/2
   316 | D:1      | Reached skill level 4 in Bows
   845 | D:1      | Found a hazy altar of Hepliaklqana.
   852 | D:1      | Found a bloodstained altar of Trog.
   852 | D:1      | Found a radiant altar of Vehumet.
   854 | D:1      | Found a basalt altar of Yredelemnul.
   854 | D:1      | Found a burning altar of Makhleb.
   854 | D:1      | Found a shimmering altar of Xom.
   996 | D:1      | Gained mutation: Your flesh is heat resistant. (rF+)
                  | [demonic ancestry]
   996 | D:1      | Reached XP level 3. HP: 27/27 MP: 3/3
  1831 | D:2      | Reached skill level 5 in Bows
  1987 | D:2      | Reached XP level 4. HP: 33/33 MP: 4/4
  2444 | D:3      | Noticed Jessica
  2452 | D:3      | Killed Jessica
  2620 | D:3      | Noticed Grinder
  2631 | D:3      | Killed Grinder
  2632 | D:3      | Reached skill level 6 in Bows
  2632 | D:3      | Gained mutation: You have sharp toenails. [demonic
                  | ancestry]
  2632 | D:3      | Reached XP level 5. HP: 27/38 MP: 5/5
  2632 | D:3      | Reached XP level 6. HP: 31/44 MP: 6/6
  2845 | D:3      | HP: 16/66 [poisoned by an orc]
  2852 | D:3      | HP: 15/66 [poisoned by an orc]
  2860 | D:3      | HP: 15/66 [poisoned by an orc]
  3186 | D:3      | Reached skill level 7 in Bows
  3952 | D:4      | Noticed a sky beast
  3967 | D:4      | HP: 11/44 [sky beast (1)]
  4318 | D:4      | Killed a sky beast
  4319 | D:4      | Gained mutation: You regenerate a little health from kills.
                  | [demonic ancestry]
  4319 | D:4      | Reached XP level 7. HP: 37/50 MP: 7/7
  4401 | D:4      | HP: 2/50 [ogre/+0 giant club (21)]
  4747 | D:4      | Reached skill level 8 in Bows
  5087 | D:4      | Found Heril's Armour Boutique.
  5108 | D:4      | Noticed Purgy
  5117 | D:4      | Killed Purgy
  5295 | D:5      | Entered Level 5 of the Dungeon
  5349 | D:5      | Found a shimmering altar of Xom.
  5387 | D:5      | Reached skill level 9 in Bows
  5472 | D:5      | Gained mutation: You have razor-sharp toenails. [demonic
                  | ancestry]
  5472 | D:5      | Reached XP level 8. HP: 45/56 MP: 8/8
  5650 | D:5      | Found a glowing golden altar of the Shining One.
  6251 | D:6      | Reached skill level 10 in Bows
  6269 | D:6      | Got an ichor-stained scale mail
  6280 | D:6      | Identified the cursed +0 scale mail of the Endless Expanse
                  | {*Drain Str+5 SInv} (You found it on level 6 of the
                  | Dungeon)
  6313 | D:6      | Found a sand-covered staircase.
  6319 | Ossuary  | Entered an ossuary
  6865 | D:6      | Found a staircase to the Ecumenical Temple.
  6874 | Temple   | Entered the Ecumenical Temple
  6893 | Temple   | Became a worshipper of Gozag Ym Sagoz the Greedy
  7190 | D:6      | Reached skill level 11 in Bows
  7415 | D:6      | Noticed Edmund
  7431 | D:6      | Killed Edmund
  7432 | D:6      | Reached XP level 9. HP: 41/61 MP: 9/9
  7848 | D:7      | Noticed Maggie
  8135 | D:7      | Killed Maggie
  8137 | D:7      | Noticed Menkaure
  8140 | D:7      | Killed Menkaure
  8141 | D:7      | Reached skill level 12 in Bows
  8476 | D:7      | Found Enkoo's Magic Scroll Emporium.
  8484 | D:7      | Bought a scroll of remove curse for 42 gold pieces
  8620 | D:7      | You fall into a shaft and drop 2 floors!
  8624 | D:9      | Found a staircase to the Orcish Mines.
  9221 | D:8      | HP: 14/61 [killer bee (4)]
  9225 | D:8      | HP: 2/61 [killer bee (6)]
  9230 | D:8      | Slain by a killer bee

Illustrated notes

Levels and vault maps discovered:
D:1:      psy_arrival_spokes, layout_loops_corners, doesnt_xom_only_xom
D:2:      layout_loops_ring, serial_glass, glass_columns_c, glass_columns_b
D:3:      layout_loops_cross, minmay_pentangle, uniq_grinder, uniq_jessica
D:4:      layout_loops_cross, serial_shops, shop, minmay_door_square, uniq_purgy
D:5:      layout_rooms, nicolae_overflow_crystal_walls, kennysheep_mini
D:6:      layout_gridville, minmay_temple_entry_junction_2,
          nicolae_ossuary_entry_plus, uniq_edmund
D:7:      layout_loops_ring, serial_shops, shop, nrook_uturn,
          serial_bayou_pond_d, uniq_menkaure, uniq_maggie
D:8:      layout_gridville, david_lair_shrubbed
D:9:      layout_basic, david_orc_2
Temple:   regret_index_temple_chain_breaker

Skill      XL: |  1  2  3  4  5  6  7  8  9 |
---------------+----------------------------+-----
Stealth        | 1 |  1.0
Bows           | 4 5 6 7 9 11 12 | 12.3
Fighting       | |  2.0
Dodging        | |  1.8

Action                   |  1- 3 |  4- 6 |  7- 9 || total
-------------------------+-------+-------+-------++-------
Melee: Short sword       |   103 |    48 |       ||   151
       Whip              |       |    15 |       ||    15
       Flail             |       |    64 |       ||    64
       Kick              |       |    30 |     1 ||    31
       Falchion          |       |    26 |   210 ||   236
 Fire: Shortbow          |    71 |    96 |   185 ||   352
Throw: Stone             |       |    18 |    27 ||    45
Evoke: Wand              |       |     4 |     7 ||    11
  Use: Scroll            |       |     7 |     5 ||    12
       Potion            |       |     3 |     7 ||    10
Armor: Leather armour    |     3 |       |       ||     3
       Chain mail        |    55 |    86 |    74 ||   215
       Scale mail        |       |       |    36 ||    36
Dodge: Dodged            |    39 |    68 |   119 ||   226
Block: Other             |     9 |    40 |    58 ||   107
       Rpst.: Falchion   |       |     4 |    47 ||    51

Table legend: (Time is in decaauts)
 A = Elapsed time spent in this place.
 B = Non-inter-level travel time spent in this place.
 C = Inter-level travel time spent in this place.
 D = Time resting spent in this place.
 E = Time spent auto-exploring this place.
 F = Levels seen in this place.
 G = Mean time per level.
                   A        B        C        D        E       F      G
               +--------+--------+--------+--------+--------+-----+--------+
         Total |   9248 |   8906 |    342 |   1803 |   5178 |  11 |  840.7 |
       Dungeon |   8751 |   8424 |    327 |   1774 |   4841 |   9 |  972.3 |
        Temple |     34 |     19 |     15 |      0 |     11 |   1 |   34.0 |
       Ossuary |    462 |    462 |      0 |     29 |    326 |   1 |  462.0 |
               +--------+--------+--------+--------+--------+-----+--------+

Top non-repeatable levels by time:
     D:3: 1977 daAuts
     D:6: 1435 daAuts
     D:2: 1230 daAuts
     D:1: 1151 daAuts
     D:4: 980 daAuts
     D:5: 860 daAuts
     D:7: 780 daAuts
 Ossuary: 462 daAuts
     D:8: 247 daAuts
     D:9: 88 daAuts
  Temple: 34 daAuts

Table legend:
 A = Kills in this place as a percentage of kills in entire the game.
 B = Kills by you in this place as a percentage of kills by you in the entire game.
 C = Kills by friends in this place as a percentage of kills by friends in the entire game.
 D = Other kills in this place as a percentage of other kills in the entire game.
 E = Experience gained in this place as a percentage of experience gained in the entire game.
 F = Experience gained in this place divided by the number of levels of this place that you have seen.
                   A       B       C       D       E      F
               +-------+-------+-------+-------+-------+----------------------
         Total | 100.0 | 100.0 |   N/A |   N/A | 100.0 | 380.0
       Dungeon |  92.0 |  92.0 |   N/A |   N/A |  96.3 | 447.2
       Ossuary |   8.0 |   8.0 |   N/A |   N/A |   3.7 | 155.0
               +-------+-------+-------+-------+-------+----------------------
